[Event "Titled Tuesday Blitz May 10 Early 2022"]
[White "parintele_chess"]
[Black "Horak, Martin"]
[BlackFideId "367095"]
[WhiteElo "2222"]
[BlackElo "1997"]
[Result "0-1"]
[Round "10"]
[TimeControl "180+1"]
[Date "2022.05.11"]
[WhiteClock "0:00:10"]
[BlackClock "0:00:11"]

1. d4 Nf6 2. Bf4 d5 3. e3 c5 4. c3 Nc6 5. Nd2 Bf5 6. Ngf3 e6 7. Qb3 Qc8 8. Ne5 c4 9. Qa4 h6 10. Nxc6 Qxc6 11. Qxc6+ bxc6 12. Nf3 Be7 13. Ne5 c5 14. Nc6 Bf8 15. f3 Nh5 16. g4 Nxf4 17. exf4 Bh7 18. h4 Bd6 19. dxc5 Bxf4 20. b4 cxb3 21. axb3 O-O 22. b4 Rfe8 23. Bb5 e5 24. O-O f5 25. Rxa7 Rxa7 26. Nxa7 Ra8 27. Nc6 fxg4 28. fxg4 Be4 29. Ne7+ Kh7 30. Rxf4 exf4 31. c6 Ra1+ 32. Kf2 Ra2+ 33. Ke1 Ra1+ 34. Kd2 Ra2+ 35. Ke1 Ra1+ 36. Kf2 Ra2+ 37. Be2 Bd3 38. c7 Ba6 39. c8=Q Bxc8 40. Nxc8 Rc2 41. Nb6 Rxc3 42. Nxd5 Rb3 43. Nxf4 Rxb4 44. Kg3 g5 45. hxg5 hxg5 46. Ne6 Kg6 47. Bd3+ Kf6 48. Nc5 Rd4 49. Ne4+ Ke5 50. Nf2 Rb4 51. Be2 Rb3+ 52. Bf3 Kf6 53. Ne4+ Kg6 54. Nd2 Rb4 55. Be4+ Kf6 56. Kf3 Rd4 57. Nf1 Ke5 58. Ng3 Rb4 59. Bf5 Rb3+ 60. Kg2 Kf4 61. Nh5+ Ke5 62. Ng3 Kf4 63. Nh5+ Ke3 64. Kg3 Ke2+ 65. Kg2 Rb2 66. Ng3+ Ke3+ 67. Kh3 Kf4 68. Nh5+ Kf3 69. Ng3 Rf2 70. Be4+ Kf4 71. Nh5+ Kxe4 72. Kg3 Re2 73. Nf6+ Ke5 74. Nh7 Re3+ 75. Kf2 Kf4 76. Nf6 Rb3 77. Nd5+ Kxg4 78. Nf6+ Kf5 79. Nh5 g4 80. Ng3+ Kf4 81. Ne2+ Kg5 82. Nd4 Rb2+ 83. Kg3 Ra2 84. Ne6+ Kf5 85. Nd4+ Ke4 86. Ne6 Ra4 87. Nf4 Kf5 88. Ne2 Ra3+ 89. Kg2 Kg5 90. Nd4 Kf4 91. Ne6+ Kf5 92. Nd4+ Ke4 93. Ne6 Re3 94. Ng5+ Kf4 95. Nf7 Re2+ 96. Kf1 Re7 97. Nd6 g3 98. Nc4 Kf3 99. Nd2+ Kg4 100. Kg2 Re2+ 101. Kg1 Rxd2 102. Kf1 Ra2 103. Kg1 Kh3 104. Kf1 Ra1+ 105. Ke2 g2 106. Ke3 g1=Q+ 107. Ke4 Qg3 108. Kf5 Rf1+ 109. Ke6 Rf4 110. Kd5 Qe3 111. Kc6 Rd4 112. Kb5 Qe5+ 113. Kb6 Rd6+ 114. Kc7 Qe7+ 115. Kc8 Rd8# 0-1


[Site "https://www.chess.com"]

[Event "Titled Tuesday Blitz May 10 Early 2022"]
[White "Al-Tarboush, Ward"]
[Black "Nilsen, Tobias Lang"]
[WhiteFideId "7601450"]
[BlackFideId "1521624"]
[WhiteElo "2294"]
[BlackElo "2014"]
[Result "0-1"]
[Round "11"]
[TimeControl "180+1"]
[Date "2022.05.11"]
[WhiteClock "0:00:07"]
[BlackClock "0:00:09"]

1. e4 e5 2. Nf3 Nc6 3. Bb5 Nf6 4. O-O Nxe4 5. d4 Nd6 6. Bxc6 dxc6 7. dxe5 Nf5 8. Qxd8+ Kxd8 9. Nc3 Be7 10. Rd1+ Ke8 11. Ne2 h6 12. Ng3 Nxg3 13. hxg3 Bf5 14. c3 Rd8 15. Be3 b6 16. Nd4 Bd7 17. Rd2 c5 18. Ne2 Be6 19. b3 Rxd2 20. Bxd2 Kd7 21. Nf4 Rd8 22. Rd1 Kc6 23. Nxe6 fxe6 24. Kf1 b5 25. Ke2 h5 26. Rh1 g6 27. f3 c4 28. bxc4 bxc4 29. Be3 a6 30. Bd4 Rd5 31. g4 h4 32. Rb1 Ra5 33. Rb2 Ba3 34. Rc2 Bc5 35. Ke3 g5 36. Ke4 Rb5 37. Rd2 Be7 38. Be3 Rb1 39. Rd4 Kb5 40. Rd7 Ba3 41. Rxc7 Re1 42. f4 Bc1 43. f5 Rxe3+ 44. Kd4 Rd3+ 45. Ke4 Re3+ 46. Kd4 Rd3+ 47. Ke4 exf5+ 48. gxf5 Rxc3 49. f6 Re3+ 50. Kf5 Re1 51. f7 Rf1+ 52. Kg6 Ba3 53. Rb7+ Kc6 54. Ra7 Kb6 55. Ra8 c3 56. e6 c2 57. Rb8+ Kc7 58. e7 Bxe7 59. Re8 Kd7 0-1


[Site "https://www.chess.com"]

[Event "Titled Tuesday Blitz May 10 Early 2022"]
[White "Andreikin, Dmitry"]
[Black "Morefield, Jason"]
[WhiteFideId "4158814"]
[BlackFideId "30920825"]
[WhiteElo "2736"]
[BlackElo "2171"]
[Result "1-0"]
[Round "11"]
[TimeControl "180+1"]
[Date "2022.05.10"]
[WhiteClock "0:02:42"]
[BlackClock "0:00:26"]

1. c4 Nf6 2. Nc3 e6 3. e4 d5 4. e5 d4 5. Nf3 dxc3 6. exf6 cxd2+ 7. Bxd2 Nd7 8. fxg7 Bxg7 9. Qc2 Qe7 10. O-O-O Nf6 11. Bc3 Bd7 12. Ne5 O-O-O 13. g3 Kb8 14. Bg2 Rhg8 15. Qb3 c6 16. Rxd7 Bh6+ 17. Kb1 1-0


[Site "https://www.chess.com"]

[Event "Titled Tuesday Blitz May 10 Early 2022"]
[White "Ardila, Oscar Humberto"]
[Black "Manukian, Artak"]
[WhiteFideId "4404742"]
[BlackFideId "13301373"]
[WhiteElo "1928"]
[BlackElo "2398"]
[Result "0-1"]
[Round "11"]
[TimeControl "180+1"]
[Date "2022.05.11"]
[WhiteClock "0:00:28"]
[BlackClock "0:00:23"]

1. d4 Nf6 2. c4 e6 3. Nc3 Bb4 4. Bd2 d5 5. cxd5 exd5 6. Nf3 O-O 7. e3 Bg4 8. Be2 c6 9. O-O Re8 10. Rc1 Nbd7 11. Na4 Bd6 12. Nc5 Rb8 13. h3 Bh5 14. b4 a6 15. a4 Ne4 16. Be1 Qe7 17. Nd2 Bxe2 18. Qxe2 f5 19. Ndxe4 fxe4 20. Qg4 Nf6 21. Qh4 h6 22. Bd2 Rf8 23. f3 exf3 24. Rxf3 Rbe8 25. Rcf1 Bxc5 26. bxc5 Qe4 27. Qxe4 Nxe4 28. Rxf8+ Rxf8 29. Rxf8+ Kxf8 30. Be1 g5 31. g3 h5 32. Kg2 g4 33. Ba5 Kf7 34. hxg4 hxg4 35. Bc7 Ke6 36. Kf1 Kf5 37. a5 Nc3 38. Ke1 Ke4 39. Kf2 Nd1+ 40. Ke2 Nxe3 41. Be5 Nf5 42. Kd2 Nxd4 43. Kc3 Kxe5 0-1


[Site "https://www.chess.com"]

[Event "Titled Tuesday Blitz May 10 Early 2022"]
[White "Aslanov, Umid"]
[Black "Przybylski, Wojciech"]
[WhiteFideId "13412620"]
[BlackFideId "1117599"]
[WhiteElo "1796"]
[BlackElo "2133"]
[Result "0-1"]
[Round "11"]
[TimeControl "180+1"]
[Date "2022.05.11"]
[WhiteClock "0:00:53"]
[BlackClock "0:00:08"]

1. e4 c5 2. Nf3 e6 3. c4 Nc6 4. Nc3 d6 5. d4 cxd4 6. Nxd4 Nf6 7. Be3 Qa5 8. Bd3 Ne5 9. O-O Nxd3 10. Qxd3 Be7 11. Nb3 Qd8 12. f3 O-O 13. Rad1 a6 14. Na4 Bd7 15. Nb6 Rb8 16. Na5 Bc6 17. Qc3 Nd7 18. Nxd7 Bxd7 19. c5 dxc5 20. Bxc5 Bxc5+ 21. Qxc5 b6 22. Qd6 bxa5 23. Qxd7 Qb6+ 24. Kh1 Qxb2 25. Rd2 Qb5 26. Rfd1 h6 27. h3 a4 28. Qa7 Rb7 29. Qe3 Qb6 30. Qf4 Qa5 31. Qg3 a3 32. f4 Rb2 33. Rd7 Rxa2 34. f5 exf5 35. e5 Qb6 36. R7d6 Qf2 37. Qxf2 Rxf2 38. Rxa6 Re8 39. Rxa3 Rxe5 40. Ra7 Re8 41. Rdd7 Rf8 42. Kg1 Re2 43. Kh2 g6 44. Kg3 h5 45. Kf3 Re4 46. Rdc7 Kg7 47. Rd7 Re6 48. Kf4 Rf6 49. h4 Re8 50. Kf3 Re4 51. g3 Rb4 52. Rd8 f4 53. Raa8 Rb3+ 54. Kg2 f3+ 55. Kh3 Re6 56. Rg8+ Kf6 57. Ra4 Re5 58. Rf4+ Rf5 59. Ra4 Re3 60. Rf8 f2 61. Ra7 Re7 62. Ra6+ Re6 63. Ra1 f1=Q+ 64. Rxf1 Rxf1 65. Kg2 Rf5 66. g4 hxg4 67. Kg3 Re3+ 68. Kxg4 Rd5 69. Kf4 Rb3 70. Ke4 Ra5 71. Kd4 Rb4+ 72. Kc3 Rxh4 73. Rc8 Rg5 74. Rc6+ Kg7 75. Rd6 Rg3+ 76. Kc2 Rh2+ 77. Rd2 Rxd2+ 78. Kxd2 Rg4 79. Ke2 Rg5 80. Kf3 Rf5+ 81. Ke3 Kf6 82. Ke4 g5 83. Kd4 g4 84. Ke3 g3 85. Ke4 0-1


[Site "https://www.chess.com"]

[Event "Titled Tuesday Blitz May 10 Early 2022"]
[White "Bach, Ngoc Thuy Duong"]
[Black "Jeet, Jain"]
[WhiteFideId "12408956"]
[BlackFideId "5073022"]
[WhiteElo "1862"]
[BlackElo "2028"]
[Result "0-1"]
[Round "11"]
[TimeControl "180+1"]
[Date "2022.05.11"]
[WhiteClock "0:00:02"]
[BlackClock "0:00:22"]

1. d4 Nf6 2. c4 g6 3. Nc3 Bg7 4. e4 d6 5. Nf3 O-O 6. Be2 Na6 7. O-O c5 8. d5 Nc7 9. Re1 a6 10. h3 b5 11. e5 Nfe8 12. cxb5 axb5 13. Nxb5 Bb7 14. Nxc7 Nxc7 15. Bc4 dxe5 16. Nxe5 Nxd5 17. Nd3 Qc7 18. Rb1 e6 19. a3 Rfd8 20. Bg5 Rd6 21. Qc1 Nb6 22. Bb5 c4 23. Bf4 Ra5 24. a4 Nxa4 25. Bxd6 Qxd6 26. Qxc4 Nb6 27. Qb3 Bd5 28. Qb4 Qxb4 29. Nxb4 Rxb5 30. Nxd5 Nxd5 31. b3 Bd4 32. Rbc1 Rxb3 33. Rc2 e5 34. Ree2 Nf4 35. Re1 Nd3 36. Rf1 Rb6 37. Kh1 Nxf2+ 38. Rcxf2 Bxf2 39. Rxf2 f5 40. Kh2 Kg7 41. Re2 Kf6 42. Kg3 Rb3+ 43. Kf2 e4 44. Rc2 Ke5 45. Ra2 h5 46. Ra5+ Kf4 47. Ra2 h4 48. Rc2 g5 49. Ke2 Kg3 50. Rc5 Kxg2 51. Rxf5 Rg3 52. Rf2+ Kxh3 53. Rf1 Kg4 54. Rf2 h3 55. Kf1 Rf3 0-1


[Site "https://www.chess.com"]

[Event "Titled Tuesday Blitz May 10 Early 2022"]
[White "Baches Garcia, Guillermo"]
[Black "Hoffmann, Asa"]
[WhiteFideId "2209764"]
[BlackFideId "2001470"]
[WhiteElo "2525"]
[BlackElo "2117"]
[Result "1/2-1/2"]
[Round "11"]
[TimeControl "180+1"]
[Date "2022.05.11"]
[WhiteClock "0:01:30"]
[BlackClock "0:02:17"]

1. e4 d6 2. d4 Nf6 3. Nc3 c6 4. a4 Qa5 5. Bd2 e5 6. Nd5 Qd8 7. Nxf6+ Qxf6 8. Nf3 Bg4 9. Be2 Nd7 10. c3 Bxf3 11. Bxf3 exd4 12. cxd4 Qxd4 13. Bc3 Qxd1+ 14. Rxd1 f6 15. Bh5+ g6 16. Bg4 Be7 17. f4 Nc5 18. e5 fxe5 19. fxe5 d5 20. e6 1/2-1/2


[Site "https://www.chess.com"]

[Event "Titled Tuesday Blitz May 10 Early 2022"]
[White "Barp, Alberto"]
[Black "Zhigalko, Sergei"]
[WhiteFideId "872555"]
[BlackFideId "13502956"]
[WhiteElo "2229"]
[BlackElo "2662"]
[Result "0-1"]
[Round "11"]
[TimeControl "180+1"]
[Date "2022.05.10"]
[WhiteClock "0:01:14"]
[BlackClock "0:01:15"]

1. d4 Nf6 2. c4 e6 3. Nf3 b6 4. g3 Ba6 5. b3 Bb4+ 6. Bd2 Be7 7. Bg2 c6 8. Qc2 d5 9. O-O O-O 10. Rd1 Nbd7 11. Bc1 Rc8 12. Bb2 c5 13. Nc3 Re8 14. cxd5 exd5 15. dxc5 Nxc5 16. Ng5 d4 17. Nd5 Nce4 18. Nxe7+ Qxe7 19. Qb1 Nxg5 20. Bxd4 Bxe2 21. Re1 Qd6 22. Bb2 Nf3+ 23. Bxf3 Bxf3 24. Qf5 Bb7 25. Qg5 Qc6 0-1


[Site "https://www.chess.com"]

[Event "Titled Tuesday Blitz May 10 Early 2022"]
[White "Bas Mas, Jose Joaquin"]
[Black "Bai, Adelard"]
[WhiteFideId "22219064"]
[BlackFideId "16301188"]
[WhiteElo "2233"]
[BlackElo "2120"]
[Result "1-0"]
[Round "11"]
[TimeControl "180+1"]
[Date "2022.05.11"]
[WhiteClock "0:00:03"]
[BlackClock "0:00:06"]

1. e4 d5 2. exd5 Nf6 3. d4 Nxd5 4. Nf3 Bg4 5. Be2 e6 6. O-O c5 7. c4 Nf6 8. h3 Bh5 9. d5 exd5 10. cxd5 Bd6 11. Nc3 O-O 12. Bg5 h6 13. Bh4 g5 14. Bg3 Bxg3 15. fxg3 Nbd7 16. g4 Bg6 17. Qd2 Re8 18. Rad1 a6 19. a4 Qb6 20. Kh1 Rad8 21. Bc4 Qd6 22. a5 Ne5 23. Nxe5 Rxe5 24. Qf2 Kg7 25. Na4 Ne4 26. Qf3 Rde8 27. Nc3 Nf6 28. Qg3 h5 29. gxh5 Nxh5 30. Qh2 g4 31. hxg4 Rh8 32. Kg1 Nf6 33. Qf4 Rhe8 34. Rf2 Nd7 35. Rdf1 Qe7 36. d6 Qxd6 37. Bxf7 Rf8 38. Qc4 Nf6 39. Bxg6 Kxg6 40. g5 Rxg5 41. Ne4 Qd4 42. Qxd4 cxd4 43. Rxf6+ Rxf6 44. Rxf6+ Kg7 45. Nxg5 Kxf6 46. Nf3 d3 47. Kf2 1-0


[Site "https://www.chess.com"]

[Event "Titled Tuesday Blitz May 10 Early 2022"]
[White "Belenkaya, Dina"]
[Black "Silva, Mariana Sofia T."]
[WhiteFideId "24142654"]
[BlackFideId "1911899"]
[WhiteElo "2196"]
[BlackElo "1825"]
[Result "1-0"]
[Round "11"]
[TimeControl "180+1"]
[Date "2022.05.11"]
[WhiteClock "0:00:15"]
[BlackClock "0:00:16"]

1. d4 Nf6 2. Nf3 e6 3. g3 d5 4. Bg2 c5 5. c3 Nc6 6. e3 Bd6 7. Nbd2 O-O 8. O-O b6 9. Re1 Ne4 10. Nxe4 dxe4 11. Nd2 f5 12. b3 Ba6 13. Bb2 Rc8 14. dxc5 Bxc5 15. c4 Nb4 16. Bf1 Nd3 17. Bxd3 exd3 18. Nf3 Bb7 19. Ne5 Qc7 20. Qxd3 Rcd8 21. Qc3 Bd6 22. Rad1 Rf6 23. f4 Rdf8 24. h4 Bxe5 25. Qxe5 Qc6 26. e4 fxe4 27. Rd6 Qe8 28. Kh2 Qg6 29. Rd7 Bc6 30. Rc7 Be8 31. Rxe4 Rf5 32. Rxg7+ Kh8 33. Rxg6+ Rxe5 34. Bxe5+ 1-0


[Site "https://www.chess.com"]

[Event "Titled Tuesday Blitz May 10 Early 2022"]
[White "Bettalli, Francesco"]
[Black "Maksimenko, Viktor"]
[WhiteFideId "2816453"]
[BlackFideId "13710478"]
[WhiteElo "2216"]
[BlackElo "2269"]
[Result "1-0"]
[Round "11"]
[TimeControl "180+1"]
[Date "2022.05.11"]
[WhiteClock "0:00:34"]
[BlackClock "0:00:16"]

1. d4 h5 2. e4 a5 3. Nc3 c6 4. Nf3 d5 5. e5 Bf5 6. h3 e6 7. Bg5 Be7 8. Bxe7 Nxe7 9. Qd2 Bg6 10. Be2 Nd7 11. O-O Nf5 12. Nd1 f6 13. c3 Qc7 14. exf6 gxf6 15. Bd3 Kf7 16. Re1 Rag8 17. Kh1 h4 18. Ne3 Nxe3 19. Rxe3 Nf8 20. Rae1 Qf4 21. c4 Bh5 22. cxd5 cxd5 23. Qxa5 Rg7 24. Bf1 Bg6 25. Qb6 Kg8 26. Nh2 Be4 27. f3 Bf5 28. Ng4 Qg5 29. Qd6 Rh5 30. Rc3 Ng6 31. Qd8+ Nf8 32. Rc8 Rf7 33. Bb5 Rhh7 34. Be8 Re7 35. Bg6 Ref7 36. Bxh7+ Kxh7 37. Rc7 Kg8 38. Rxf7 Kxf7 39. Qc7+ Kg8 40. Qc1 Qg7 41. Qf4 Ng6 42. Qh6 Qf7 43. Rc1 Qf8 44. Qxf8+ Kxf8 45. Nxf6 Ke7 46. Ng8+ Kd6 47. Nh6 Bd3 48. Nf7+ Ke7 49. Ne5 Nxe5 50. dxe5 Bc4 51. b3 Bd3 52. Rc7+ Kd8 53. Rxb7 Bf5 54. Kg1 d4 55. Kf2 d3 56. Ke3 Kc8 57. Rb6 d2 58. Kxd2 Be4 59. Rd6 Bd5 60. Rxd5 exd5 61. Kd3 Kd7 62. Kd4 Ke6 63. a4 Kf5 64. Kxd5 Kf4 65. e6 Kg3 66. e7 Kxg2 67. e8=Q Kh1 68. Qh5 Kh2 69. Qxh4 Kg2 70. Qg4+ Kh1 71. h4 Kh2 72. h5 1-0


[Site "https://www.chess.com"]

[Event "Titled Tuesday Blitz May 10 Early 2022"]
[White "Bintang, Rasyid A. Hidayat"]
[Black "Maevsky, Nikolay"]
[WhiteFideId "7105355"]
[BlackFideId "4198220"]
[WhiteElo "2464"]
[BlackElo "2149"]
[Result "0-1"]
[Round "11"]
[TimeControl "180+1"]
[Date "2022.05.11"]
[WhiteClock "0:00:02"]
[BlackClock "0:00:04"]

1. d4 d5 2. Bf4 Nf6 3. e3 c5 4. Nf3 Nc6 5. Nbd2 Bg4 6. Bb5 cxd4 7. exd4 e6 8. c3 Bd6 9. Bxd6 Qxd6 10. h3 Bh5 11. O-O O-O 12. Re1 Rac8 13. Nf1 Ne4 14. Bd3 Bg6 15. Bxe4 Bxe4 16. Ng3 Bg6 17. Ne5 Nxe5 18. Rxe5 f6 19. Re3 Rfe8 20. Qb3 Re7 21. Rae1 Rce8 22. Ne2 a6 23. g3 e5 24. Nc1 Bf7 25. Qd1 Qd7 26. Kh2 Qf5 27. Qd2 Be6 28. h4 Bf7 29. Kg1 h6 30. Qd3 Qg4 31. Qe2 Qf5 32. Qd3 e4 33. Qf1 g5 34. hxg5 hxg5 35. f3 Qg6 36. fxe4 dxe4 37. Ne2 Kg7 38. Qf2 Rh8 39. g4 Rh4 40. Rg3 Be6 41. Qg2 Re8 42. b3 Bd7 43. d5 Qf7 44. c4 Qf8 45. Nd4 Qc5 46. Qf2 Qd6 47. Kg2 Reh8 48. Kg1 Rh1+ 49. Kg2 R8h2# 0-1


[Site "https://www.chess.com"]

[Event "Titled Tuesday Blitz May 10 Early 2022"]
[White "Broca Jimenez, Fernando"]
[Black "Sabar, Ethmane Daouda"]
[WhiteFideId "5104742"]
[BlackFideId "19600097"]
[WhiteElo "2062"]
[BlackElo "1950"]
[Result "0-1"]
[Round "11"]
[TimeControl "180+1"]
[Date "2022.05.11"]
[WhiteClock "0:02:32"]
[BlackClock "0:01:46"]

1. e4 c5 2. d4 cxd4 3. c3 Nf6 4. e5 Nd5 5. Nf3 Nc6 6. cxd4 d6 7. Bc4 Nb6 8. Bb5 Bd7 9. exd6 e6 10. Nc3 Bxd6 11. O-O O-O 12. d5 exd5 13. Qxd5 Nxd5 0-1


[Site "https://www.chess.com"]

[Event "Titled Tuesday Blitz May 10 Early 2022"]
[White "Chernomordik, Pavel"]
[Black "Prieto Aranguren, Alain"]
[WhiteFideId "2804530"]
[BlackFideId "2268906"]
[WhiteElo "2220"]
[BlackElo "2235"]
[Result "0-1"]
[Round "11"]
[TimeControl "180+1"]
[Date "2022.05.11"]
[WhiteClock "0:00:01"]
[BlackClock "0:00:12"]

1. e4 c6 2. Nc3 d5 3. Nf3 Bg4 4. h3 Bh5 5. exd5 cxd5 6. g4 Bg6 7. Bb5+ Nc6 8. Ne5 Rc8 9. h4 f6 10. Nxg6 hxg6 11. d4 e6 12. Qd3 Kf7 13. Bxc6 bxc6 14. Ne2 Bd6 15. Bd2 Ne7 16. O-O-O Qb6 17. Kb1 c5 18. dxc5 Qxc5 19. f4 Qc4 20. Nd4 Qxd3 21. cxd3 Nc6 22. Nb5 Bb8 23. Rdf1 a6 24. Nc3 Nd4 25. Be3 Nb5 26. Na4 d4 27. Bd2 Rc6 28. f5 gxf5 29. gxf5 e5 30. h5 Nc7 31. h6 gxh6 32. Rxh6 Rxh6 33. Bxh6 Nd5 34. Rg1 Bd6 35. Rg7+ Ke8 36. Rg8+ Kd7 37. Bd2 Bb4 38. Rg7+ Kc8 39. Bh6 Nf4 40. a3 Bd2 41. Rf7 Be3 42. Bg7 Nxd3 43. Rxf6 Rxf6 44. Bxf6 Bf4 45. Kc2 Ne1+ 46. Kd1 Nf3 47. Nb6+ Kb7 48. Nd5 Bg5 49. Bg7 e4 50. f6 Ne5 51. Ke2 d3+ 52. Kf2 Ng4+ 53. Kg3 d2 54. Nc3 Nxf6 55. Kf2 e3+ 56. Ke2 Nh5 57. Be5 Nf4+ 58. Kd1 Nd3 59. Bg3 Nxb2+ 60. Ke2 Nc4 61. Ne4 Bh6 62. Nc3 Nxa3 0-1


[Site "https://www.chess.com"]

[Event "Titled Tuesday Blitz May 10 Early 2022"]
[White "Clawitter, Craig"]
[Black "Tuleyeva-Aketayeva, Dana"]
[WhiteFideId "2023105"]
[BlackFideId "13701932"]
[WhiteElo "2266"]
[BlackElo "1875"]
[Result "1-0"]
[Round "11"]
[TimeControl "180+1"]
[Date "2022.05.11"]
[WhiteClock "0:01:39"]
[BlackClock "0:00:07"]

1. e4 c5 2. Nf3 Nc6 3. d4 cxd4 4. Nxd4 g6 5. Nc3 Bg7 6. Be3 Nf6 7. Bc4 O-O 8. Bb3 Na5 9. e5 Ne8 10. Bxf7+ Rxf7 11. Ne6 Qc7 12. Nxc7 Nxc7 13. Nd5 Bxe5 14. Nxc7 Bxc7 15. O-O Nc4 16. Qd5 Nb6 17. Qb3 d6 18. Rae1 Kg7 19. f4 Bf5 20. Bd4+ e5 21. fxe5 dxe5 22. Bxe5+ Bxe5 23. Rxe5 Kg8 24. g4 1-0


[Site "https://www.chess.com"]

[Event "Titled Tuesday Blitz May 10 Early 2022"]
[White "Cramling Bellon, Anna"]
[Black "parintele_chess"]
[WhiteFideId "32009232"]
[WhiteElo "1905"]
[BlackElo "2218"]
[Result "1-0"]
[Round "11"]
[TimeControl "180+1"]
[Date "2022.05.11"]
[WhiteClock "0:00:07"]
[BlackClock "0:00:03"]

1. d4 d5 2. c4 e6 3. Nc3 a6 4. cxd5 exd5 5. Nf3 Nf6 6. Bg5 Be7 7. e3 c6 8. Bd3 Nbd7 9. O-O O-O 10. Qc2 Re8 11. Ne5 h6 12. Bh4 Nxe5 13. dxe5 Ng4 14. Bg3 Bf8 15. Rad1 Nxe5 16. Bh7+ Kh8 17. Bf5 Qf6 18. Bxc8 Raxc8 19. Na4 Nd7 20. Rfe1 b5 21. Nc3 Bd6 22. Bxd6 Qxd6 23. e4 d4 24. Ne2 c5 25. Ng3 Qf4 26. Nf5 g6 27. g3 Qg5 28. Nd6 Ne5 29. f4 Nf3+ 30. Kf2 Qh5 31. Rh1 Kg7 32. Nxe8+ Rxe8 33. Qe2 1-0


[Site "https://www.chess.com"]

[Event "Titled Tuesday Blitz May 10 Early 2022"]
[White "Csonka, Balazs"]
[Black "Matinian, Nikita"]
[WhiteFideId "742910"]
[BlackFideId "24129100"]
[WhiteElo "2404"]
[BlackElo "2422"]
[Result "0-1"]
[Round "11"]
[TimeControl "180+1"]
[Date "2022.05.10"]
[WhiteClock "0:00:04"]
[BlackClock "0:01:13"]

1. e4 c5 2. Nf3 d6 3. d4 cxd4 4. Nxd4 Nf6 5. Nc3 g6 6. Be3 Bg7 7. f3 O-O 8. Qd2 Nc6 9. Bc4 Bd7 10. Bb3 Na5 11. O-O-O Nxb3+ 12. cxb3 a5 13. a4 Rc8 14. Kb1 d5 15. exd5 Qc7 16. Bh6 Bxh6 17. Qxh6 Qb6 18. Qe3 Rxc3 19. Qxc3 Nxd5 20. Qd2 e5 21. Nb5 Bf5+ 22. Ka1 Nb4 23. Qd6 Qe3 24. Nc3 Rc8 25. Qd2 Qb6 26. h4 Nc2+ 27. Ka2 Nd4 28. Nb5 Bc2 29. Nxd4 exd4 30. Qxd4 Qxb3+ 31. Ka1 Rc4 32. Qd8+ Kg7 0-1


[Site "https://www.chess.com"]

[Event "Titled Tuesday Blitz May 10 Early 2022"]
[White "Czerw, Dawid"]
[Black "Arabidze, Meri"]
[WhiteFideId "1145746"]
[BlackFideId "13604040"]
[WhiteElo "2125"]
[BlackElo "2335"]
[Result "1-0"]
[Round "11"]
[TimeControl "180+1"]
[Date "2022.05.11"]
[WhiteClock "0:00:04"]
[BlackClock "0:00:03"]

1. d4 d5 2. c4 dxc4 3. e4 Nc6 4. Be3 Nf6 5. Nc3 e5 6. d5 Na5 7. Bxc4 Nxc4 8. Qa4+ Bd7 9. Qxc4 Bd6 10. Nge2 a6 11. f3 O-O 12. O-O b5 13. Qd3 Nh5 14. g4 Nf4 15. Nxf4 exf4 16. Bd4 f6 17. Ne2 c5 18. dxc6 Bxc6 19. Rfd1 Qe7 20. Rac1 Bb7 21. Bb6 Be5 22. Nd4 Bxd4+ 23. Qxd4 Rfc8 24. Bc5 Qf7 25. Qd7 Bc6 26. Qxf7+ Kxf7 27. Rd6 Be8 28. Rb6 a5 29. Rb7+ Kg6 30. h4 h5 31. gxh5+ Kh6 32. a3 Bxh5 33. Kf2 b4 34. axb4 axb4 35. Rxb4 Rd8 36. Rd4 Rdc8 37. Rd2 Rab8 38. Rdc2 Rb3 39. Rc3 Rxb2+ 40. R1c2 Rb1 41. Rc1 Rb5 42. Bd4 Rxc3 43. Bxc3 Rb3 44. Rc2 Ra3 45. Rc1 Ra2+ 46. Kf1 Bxf3 47. e5 Bg2+ 48. Kg1 fxe5 49. Bxe5 f3 50. Rc6+ Kh5 51. Bxg7 Bh3 52. Rh6+ Kg4 53. Rg6+ Kf5 54. Rg5+ Kf4 55. Be5+ Ke3 56. Bg3 Rg2+ 57. Kh1 1-0


[Site "https://www.chess.com"]

[Event "Titled Tuesday Blitz May 10 Early 2022"]
[White "Danaci, Ege"]
[Black "Agasarov, Benik"]
[WhiteFideId "34506748"]
[BlackFideId "13314823"]
[WhiteElo "1799"]
[BlackElo "2553"]
[Result "0-1"]
[Round "11"]
[TimeControl "180+1"]
[Date "2022.05.11"]
[WhiteClock "0:00:22"]
[BlackClock "0:01:06"]

1. e4 c5 2. Nc3 a6 3. g3 b5 4. Bg2 Bb7 5. d3 e6 6. Nh3 d6 7. O-O Nd7 8. f4 Ne7 9. f5 b4 10. Ne2 exf5 11. exf5 Bxg2 12. Kxg2 Qc7 13. Nef4 Qb7+ 14. Qf3 Qxf3+ 15. Rxf3 Ne5 16. Rf1 O-O-O 17. d4 cxd4 18. Nd3 N7c6 19. Bd2 Nc4 20. Bf4 d5 21. Rae1 Bd6 22. Ng5 Bxf4 23. Rxf4 Rd7 24. Nf3 Ne3+ 25. Kh1 Rc7 26. Nxd4 Nxd4 27. Rxe3 Nxc2 28. Re5 f6 29. Rxd5 Ne3 30. Rc5 Rd8 31. Rxc7+ Kxc7 32. Nf2 Rd2 33. Rf3 Rxb2 34. Rxe3 Rxf2 35. Re7+ Kd6 36. Rxg7 Rxa2 37. Rxh7 b3 38. Rb7 b2 0-1


[Site "https://www.chess.com"]

[Event "Titled Tuesday Blitz May 10 Early 2022"]
[White "Dang, Hoang Son"]
[Black "Kaasen, Tor Fredrik"]
[WhiteFideId "12402435"]
[BlackFideId "1516647"]
[WhiteElo "2252"]
[BlackElo "2335"]
[Result "1-0"]
[Round "11"]
[TimeControl "180+1"]
[Date "2022.05.10"]
[WhiteClock "0:00:41"]
[BlackClock "0:00:04"]

1. d4 Nf6 2. Bf4 d5 3. e3 c5 4. Nf3 Nc6 5. Nbd2 e6 6. c3 cxd4 7. cxd4 Nh5 8. Bg5 f6 9. Bh4 Bd6 10. g4 g5 11. gxh5 gxh4 12. Rg1 f5 13. Bb5 Bd7 14. h6 Qf6 15. Bxc6 Bxc6 16. Ne5 Bxe5 17. Qh5+ Qf7 18. Qxf7+ Kxf7 19. dxe5 Rhg8 20. O-O-O Rg6 21. Rxg6 Kxg6 22. Rg1+ Kxh6 23. Nf3 f4 24. exf4 Rf8 25. Rg4 h3 26. Ng5 Kh5 27. f3 Rc8 28. Nxe6 Bd7+ 29. Kd2 Bxe6 30. Rg7 Bf5 31. Rg5+ Kh4 32. Rxf5 Rc7 33. e6 h5 34. Rf7 Rc6 35. f5 Rc8 36. e7 Re8 37. f6 1-0


[Site "https://www.chess.com"]

[Event "Titled Tuesday Blitz May 10 Early 2022"]
[White "De Arruda, Leandro Formes"]
[Black "Bifulco, Michel"]
[WhiteFideId "22722009"]
[BlackFideId "828580"]
[WhiteElo "1852"]
[BlackElo "2165"]
[Result "0-1"]
[Round "11"]
[TimeControl "180+1"]
[Date "2022.05.11"]
[WhiteClock "0:00:04"]
[BlackClock "0:01:32"]

1. d4 Nf6 2. Nf3 g6 3. g3 Bg7 4. Bg2 O-O 5. O-O d6 6. c4 Nc6 7. Nc3 a6 8. d5 Na5 9. Qa4 c5 10. Bg5 Bd7 11. Qc2 Nxc4 12. e4 Nxb2 13. Bxf6 Bxf6 14. Qxb2 b5 15. e5 dxe5 16. Ne4 Bg7 17. Nxc5 e4 18. Ne5 Bf5 19. f4 Qxd5 20. Nb3 h5 21. Rad1 Qe6 22. Nd4 Qb6 23. Kh1 e6 24. Nd7 Qa7 25. Nxf8 Rxf8 26. Qb4 Bg4 27. Rd2 Rc8 28. Bxe4 Rc4 29. Qd6 Bxd4 30. Qd8+ Kg7 31. Kg2 Bf6 32. Qd3 Rd4 33. Qc2 Rc4 34. Qb1 Qe3 0-1


[Site "https://www.chess.com"]

[Event "Titled Tuesday Blitz May 10 Early 2022"]
[White "Devaev, Alexander"]
[Black "Legenia, Artem"]
[WhiteFideId "4169395"]
[BlackFideId "14136945"]
[WhiteElo "2185"]
[BlackElo "1936"]
[Result "1-0"]
[Round "11"]
[TimeControl "180+1"]
[Date "2022.05.11"]
[WhiteClock "0:00:05"]
[BlackClock "0:00:11"]

1. d4 d5 2. c4 e6 3. cxd5 exd5 4. Nc3 Nf6 5. Bg5 c6 6. e3 Be7 7. Bxf6 Bxf6 8. Bd3 g6 9. Nf3 Bg4 10. Qc2 Bxf3 11. gxf3 Nd7 12. O-O-O Qc7 13. Kb1 O-O-O 14. Rc1 Qa5 15. Qb3 Kb8 16. h3 Rhe8 17. Na4 Bg7 18. Rxc6 Ka8 19. Rc2 Bf8 20. Bb5 Qb4 21. Rc7 Qxb3 22. axb3 Re7 23. Rhc1 Kb8 24. Bxd7 Rexd7 25. Rxd7 Rxd7 26. Kc2 g5 27. Kd3 Rd6 28. Nc3 Be7 29. Rh1 a6 30. Ne2 Rb6 31. Kc2 Rc6+ 32. Nc3 Bb4 33. Kd3 Bxc3 34. bxc3 Rh6 35. c4 dxc4+ 36. bxc4 Kc7 37. Ke4 b5 38. cxb5 axb5 39. Kd5 Kb6 40. e4 Rc6 41. e5 b4 42. Ke4 Rc4 43. Ra1 Kb5 44. Kd5 Rc3 45. Ra8 Rxf3 46. Ke4 Rxf2 47. d5 b3 48. d6 Rd2 49. Rb8+ Kc4 50. Kf5 Kc3 51. Kxg5 Kc2 52. Kf6 b2 53. Kxf7 b1=Q 54. Rxb1 Kxb1 55. Ke7 Re2 56. e6 Re3 57. d7 Rxh3 58. d8=Q 1-0


[Site "https://www.chess.com"]